Unix NetHack Version 5.0.0-0 post-release - last build May 10 2026 23:12:36 (d1fa5d53e341ca933230fdaa984d921c805b60aa,branch:main).

Game began 2026-05-10 21:00:24, ended 2026-05-11 16:00:41.

A4Paper, chaotic female elven Wizard

                             --
                             .------
                            ........
              .             ......
              -.         --.....
              |..-       .....
             --...-    --...
     ---------.....-----..-  -
     -.................<f....|
        ---------..G@.-----  -
           ...........-
          -------......
                --.--.-
                 -- ---
A4Paper the Conjurer      St:12 Dx:16 Co:12 In:18 Wi:11 Ch:9  Chaotic S:1385
Dlvl:4  $:373 HP:0(25) Pw:6(52) AC:8  Xp:5/213 T:1374  Burdened

Latest messages:
 You are caught in a bear trap.
 You are caught in a bear trap.
 You are caught in a bear trap.
 Your leg feels better.
 You are caught in a bear trap.
 You are caught in a bear trap.
 You are caught in a bear trap.
 You are caught in a bear trap.
 You are caught in a bear trap.
 You are caught in a bear trap.
 You are caught in a bear trap.
 You are caught in a bear trap.
 You are caught in a bear trap.
 You are caught in a bear trap.
 You are caught in a bear trap.
 You are caught in a bear trap.
 You are caught in a bear trap.
 You are caught in a bear trap.
 You are caught in a bear trap.
 You are caught in a bear trap.
 You are caught in a bear trap.
 You stop.  Bluey is in the way!
 You are caught in a bear trap.
 You finally wriggle free.
 You fall down the stairs.
 The gnome throws a dart!
 The dart hits the gnome lord.
 In what direction?
 The spell hits the gnome lord!
 You kill the gnome lord!
 The spell hits the gnome!
 Bluey eats a gnome lord corpse.
 You stop.  Bluey is in the way!
 You feel your magical energy drain away!
 The gnome hits!
 You hit the gnome.
 The gnome hits!
 You hit the gnome.
 It misses the gnome.
 You miss the gnome.
 You hit the gnome.
 You hear some noises in the distance.
 The gnome hits!
 You miss the gnome.
 You hit the gnome.
 You miss the gnome.
 The gnome hits!
 The gnome hits!
 You die...
 Do you want your possessions identified? [ynq] (y)

Inventory:
 Coins    ('$')
  $ - 373 gold pieces
 Weapons  (')')
  E - a +0 dagger (weapon in right hand)
 Armor    ('[')
  b - an uncursed +0 cloak of magic resistance
  s - an uncursed -1 studded leather armor (being worn)
 Comestibles  ('%')
  o - a cursed slime mold
  n - 2 uncursed food rations
  q - an uncursed lembas wafer
 Scrolls  ('?')
  h - an uncursed scroll of food detection
 Spellbooks  ('+')
  p - an uncursed spellbook of create monster
  k - an uncursed spellbook of detect monsters
  j - a blessed spellbook of force bolt
 Potions  ('!')
  i - an uncursed potion of booze
  v - an uncursed potion of enlightenment
  g - an uncursed potion of extra healing
  u - an uncursed potion of fruit juice
  f - 3 uncursed potions of gain ability
  A - an uncursed potion of gain energy
  t - an uncursed potion of levitation
  y - an uncursed potion of speed
  x - an uncursed potion of water
 Rings    ('=')
  d - an uncursed +1 ring of protection
  e - an uncursed ring of stealth
 Wands    ('/')
  D - a wand of create monster (0:15)
  c - a wand of undead turning (0:5)
 Tools    ('(')
  m - an uncursed wooden harp
  l - a magic marker (0:21)
  F - a +0 pick-axe
 Gems/Stones  ('*')
  C - an uncursed fluorite stone
  H - an uncursed worthless piece of violet glass
  G - an uncursed worthless piece of yellowish brown glass

A4Paper the Wizard's attributes:

Background:
 You were a Conjurer, a level 5 female elven Wizard.
 You were chaotic, nominally on a mission for Anhur
 who was opposed by Ptah (lawful) and Thoth (neutral).
 You were right-handed.
 You were in the Gnomish Mines, on level 4.
 You entered the dungeon 1374 turns ago.
 You had 213 experience points, 107 more were needed to attain level 6.
 Your score was 1385 before end-of-game adjustments.

Basics:
 You had 0 out of 25 hit points.
 You had 6 out of 52 energy points (spell power).
 Your armor class was 8.
 Your wallet contained 373 zorkmids.
 Autopickup was off.

Final Characteristics:
 Your strength was 12 (limit:18).
 Your dexterity was 16 (limit:18).
 Your constitution was 12 (limit:16).
 Your intelligence was 18 (limit:20).
 Your wisdom was 11 (limit:20).
 Your charisma was 9 (limit:18).

Final Status:
 You weren't hungry.
 You were burdened; movement was slightly slowed.
 You were wielding a dagger.
 You were unskilled in dagger.

Final Attributes:
 You were devoutly aligned.
 You were sleep resistant.
 You had infravision.
 You were warded.
 You are dead.

Miscellaneous:
 You didn't encounter any bones levels.
 Total elapsed playing time was 13 minutes and 1 second.

Major events:
 Turn
    1: A4Paper the chaotic female elven Wizard entered the dungeon
  494: attained the rank of Conjurer (level 3)
 1055: entered the Gnomish Mines
 1374: killed by a gnome

Spells:
 Name                 Level Category     Fail Retention
 force bolt             1   attack         0%  91%-100%
 detect monsters        1   divination     0%  76%-100%
 create monster         2   clerical      53%  76%-100%

Skills:
 Fighting Skills
   bare handed combat [Unskilled]
   riding             [Unskilled]
 Weapon Skills
   dagger             [Unskilled]
   knife              [Unskilled]
   axe                [Unskilled]
   short sword        [Unskilled]
   club               [Unskilled]
   mace               [Unskilled]
   quarterstaff       [Basic]
   polearms           [Unskilled]
   spear              [Unskilled]
   trident            [Unskilled]
   sling              [Unskilled]
   dart               [Unskilled]
   shuriken           [Unskilled]
 Spellcasting Skills
   attack spells      [Basic]
   healing spells     [Unskilled]
   divination spells  [Unskilled]
   enchantment spells [Basic]
   clerical spells    [Unskilled]
   escape spells      [Unskilled]
   matter spells      [Unskilled]

Voluntary challenges:
 Character rerolling was not enabled.
 You were an atheist.
 You never genocided any monsters.
 You never polymorphed an object.
 You never changed form.
 You used no wishes.
Achievements:
 You entered a shop.
 You attained the rank of Conjurer.
 You entered the Gnomish Mines.

 The Dungeons of Doom: levels 1 to 2
    Level 1:
    Level 2:
       A potion shop.
       Stairs down to The Gnomish Mines.
 The Gnomish Mines: levels 3 to 4
    Level 3:
    Level 4: <- You were here.
       Final resting place for
          you, killed by a gnome.


Vanquished creatures:
  a small mimic
  3 gnome leaders
  a gnomish wizard
  3 dwarves
  a wererat
 an acid blob
  9 gnomes
  a gecko
  a fox
  2 kobolds
  a goblin
  a sewer rat
  7 grid bugs
  2 lichens
  7 newts
41 creatures vanquished.

No species were genocided or became extinct.

Game over:
                       ----------
                      /          \
                     /    REST    \
                    /      IN      \
                   /     PEACE      \
                  /                  \
                  |     A4Paper      |
                  |      373 Au      |
                  |   killed by a    |
                  |      gnome       |
                  |                  |
                  |                  |
                  |       2026       |
                 *|     *  *  *      | *
        _________)/\\_//(\/(/\)/\//\/|_)_______

Goodbye A4Paper the Wizard...

You died in The Gnomish Mines on dungeon level 4 with 1348 points,
and 373 pieces of gold, after 1374 moves.
You were level 5 with a maximum of 25 hit points when you died.

